 Dungeon Crawl Stone Soup version 0.30-a0-634-g8abc85282e (webtiles) character file.

Game seed: 11269104361071025433

7904 funkygono the Thaumaturge (level 11, 0/77 HPs)
             Began as a Demonspawn Fire Elementalist on Jan 13, 2023.
             Was an Initiate of Vehumet.
             Killed from afar by a gargoyle (23 damage)
             ... with a stone arrow
             ... on level 10 of the Dungeon on Jan 14, 2023.
             The game lasted 00:22:03 (11197 turns).

funkygono the Thaumaturge (DsFE)                   Turns: 11197, Time: 00:22:03

Health: 0/77       AC:  8    Str:  9    XL:     11   Next: 2%
Magic:  24/24      EV: 12    Int: 20    God:    Vehumet [......]
Gold:   444        SH:  0    Dex: 14    Spells: 14/29 levels left

rFire   . . .      SeeInvis .    F - +3 whip (freeze)
rCold   . . .      Faith    .    (no shield)
rNeg    . . .      Spirit   .    z - +0 troll leather armour {Pargi}
rPois   +          Reflect  .    (no helmet)
rElec   .          Harm     .    j - +1 cloak
rCorr   +          Rampage  .    L - +0 pair of gloves
Will    .....                    (no boots)
Stlth   ++                       m - amulet of regeneration
HPRegen 1.92/turn                t - ring of poison resistance
MPRegen 0.19/turn                u - ring of resist corrosion

@: slowed, very slow
A: hooves 2, rugged brown scales 1, demonic guardian 1, foul stench 2
a: Renounce Religion


You were on level 10 of the Dungeon.
You worshipped Vehumet.
Vehumet was noncommittal.
You visited 1 branch of the dungeon, and saw 10 of its levels.
You also visited: Sewer.

You collected 444 gold pieces.

Inventory:

Hand Weapons
 c - a +0 short sword
 q - a +4 quarterstaff of chaos
 r - a +0 hammer
 w - a +1 whip
 y - a +0 dagger of venom
 A - a +1 dagger of speed
 F - a +3 whip of freezing (weapon)
Armour
 a - a +0 robe
 g - a +2 ring mail of cold resistance
 j - a +1 cloak (worn)
 z - a +0 troll leather armour (worn) {Pargi}
 L - a +0 pair of gloves (worn)
Jewellery
 k - an amulet of faith
 m - an amulet of regeneration (around neck)
 t - a ring of poison resistance (left hand)
 u - a ring of resist corrosion (right hand)
Wands
 b - a wand of paralysis (8)
 s - a wand of flame (17)
 D - a wand of roots (3)
 K - a wand of mindburst (37)
Scrolls
 e - a scroll of fear
 B - 2 scrolls of silence
 C - a scroll of amnesia {unknown}
 H - 2 scrolls of magic mapping
Potions
 d - a potion of ambrosia {unknown}
 f - a potion of magic
 h - 2 potions of resistance
 i - a potion of haste {unknown}
 l - 2 potions of curing
 n - 2 potions of cancellation {unknown}
 o - 2 potions of mutation
 p - 3 potions of invisibility {unknown}
 v - 3 potions of might
 x - a potion of berserk rage {unknown}
 E - 2 potions of brilliance {unknown}
 G - 2 potions of attraction {unknown}


   Skills:
 + Level 3.3 Fighting
 + Level 0.8 Short Blades
 + Level 1.0 Maces & Flails
 + Level 3.0 Armour
 + Level 3.7 Dodging
 - Level 1.7 Stealth
 + Level 9.8 Spellcasting
 + Level 7.4 Conjurations
 + Level 9.0 Fire Magic


You had 14 spell levels left.
You knew the following spells:

 Your Spells              Type           Power      Damage    Failure   Level
a - Foxfire               Conj/Fire      100%       2x1d9     1%          1
b - Scorch                Fire           92%        2d10      1%          2
c - Kindle Blastsparks    Fire/Tloc/Air  42%        2d13      9%          3
d - Flame Wave            Conj/Fire      42%        2d11      3%          4
e - Kiss of Death         Conj/Necr      96%        2d12      1%          1
f - Dispel Undead         Necr           9%         3d8       67%         4

Your spell library contained the following spells:

 Spells                   Type           Power      Damage    Failure   Level
 Inner Flame              Hex/Fire       27%        N/A       4%          3
 Hailstorm                Conj/Ice       24%        3d7       6%          3
 Freeze                   Ice            36%        1d5       10%         1
 Confusing Touch          Hex            9%         N/A       28%         3
 Frozen Ramparts          Ice            18%        1d3       28%         3
 Summon Guardian Golem    Hex/Summ       9%         N/A       28%         3
 Tukima's Dance           Hex            9%         N/A       28%         3
 Passage of Golubria      Tloc           9%         N/A       67%         4
 Summon Ice Beast         Ice/Summ       9%         N/A       67%         4
 Summon Mana Viper        Hex/Summ       9%         N/A       95%         5
 Yara's Violent Unravell  Hex/Tmut       4%         3d4       95%         5
 Orb of Destruction       Conj           19%        9d8       98%         7
 Monstrous Menagerie      Summ           4%         N/A       100%        7
 Spellforged Servitor     Conj/Summ      12%        N/A       100%        7


Dungeon Overview and Level Annotations

Branches:
Dungeon (10/15)            Temple (0/1) D:4             Orc (0/2) D:9
  Sewer (visited)
   Lair: D:8-11

Altars:
Ashenzari
Dithmenos
Fedhas
Hepliaklqana
Kikubaaqudgha
Makhleb
Uskayaw
Vehumet
Xom

Shops:
D:9 ?

Annotations:
D:10 Fannar


Innate Abilities, Weirdness & Mutations

You have hoof-like feet.
You are partially covered in rugged brown scales. (AC +1, +3% HP)
A weak demonic guardian rushes to your aid.
You sometimes emit foul miasma when damaged in melee.


Message History

You finish channelling waves of flame.
The gargoyle hurls a stone arrow at you.
The stone arrow hits you!!
A demonic guardian appears!
Fannar hits you with a +0 quarterstaff of freezing.
Fannar freezes you.
Unknown command.
Magic courses through your body.
The gargoyle hurls a stone arrow at you.
The stone arrow hits you!!
* * * LOW HITPOINT WARNING * * *
An orc comes into view. It is wielding a +0 trident.
Fannar hits you with a +0 quarterstaff of freezing.
* * * LOW HITPOINT WARNING * * *
Fannar freezes you.
* * * LOW HITPOINT WARNING * * *
Your white imp hits the gargoyle but does no damage.
The gargoyle closely misses you.
Fannar hits you with a +0 quarterstaff of freezing.
* * * LOW HITPOINT WARNING * * *
Fannar freezes you.
* * * LOW HITPOINT WARNING * * *
Okay, then.
Okay, then.
You feel better.
Your white imp barely misses the gargoyle.
The gargoyle hits you with a +0 dire flail.
* * * LOW HITPOINT WARNING * * *
You emit a cloud of foul miasma!
Fannar hits you but does no damage.
Your white imp barely misses the gargoyle.
You feel better.
The gargoyle hurls a stone arrow at you.
The stone arrow misses you.
Fannar hits you with a +0 quarterstaff of freezing.
Fannar freezes you.
* * * LOW HITPOINT WARNING * * *
Your white imp gestures at the gargoyle.
The puff of frost hits the gargoyle.
The gargoyle hurls a stone arrow at you.
The stone arrow hits you!!
You die...

#...# '...# #.#)#
#+#.).# #.....#
#....)# ..#
#..##)# ...#
#..##.# .#.#
####...5@####...#
#.......9e......#
#.###.........#.#
#....o.##.......#
#...............#
.....######......#
..##. #.#....# .
.. #......# ..
####...#


You could see Fannar, a gargoyle (ally target), an orc and a friendly white imp
(summoned).

Vanquished Creatures
  A boulder beetle (D:8)
  A tengu warrior (D:8)
  Pikel (D:7)
  The ghost of Dirtsage the Carver, a novice DsFi of Qazlal (D:6)
  2 hornets (D:8)
  Prince Ribbit (D:7)
  8 yaks
  A wraith (D:10)
  2 steam dragons
  2 water moccasins
  Pargi (Sewer)
  2 black bears
  4 orc warriors (D:9)
  An ice beast (D:7)
  2 sky beasts
  2 ogres
  A lemure (D:7)
  A phantom (D:5)
  A kobold brigand (D:9)
  A bullfrog (D:8)
  2 gnoll sergeants
  2 scorpions
  8 killer bees
  A howler monkey (D:4)
  8 electric eels (D:9)
  A crimson imp (D:8)
  2 hounds (D:6)
  Crazy Yiuf (D:2)
  3 jellies
  11 orc priests
  A gnoll bouda (D:5)
  6 iguanas
  8 orc wizards
  11 gnolls
  10 adders
  A river rat (D:5)
  A shadow imp (D:6)
  2 ufetubi
  3 worms
  5 dart slugs
  25 orcs
  5 ball pythons
  5 endoplasms
  A giant cockroach (D:3)
  9 hobgoblins
  5 jackals
  9 quokkas
  6 bats
  11 frilled lizards
  5 goblins
  13 kobolds
  2 rats
219 creatures vanquished.

Vanquished Creatures (collateral kills)
  A yak (D:10)
  20 foxfires (D:9)
21 creatures vanquished.

Vanquished Creatures (others)
  834 foxfires
  11 plants (D:9)
845 creatures vanquished.

Grand Total: 1085 creatures vanquished

Notes
Turn   | Place    | Note
-------+----------+-------------------------------------------
     0 | D:1      | funkygono the Demonspawn Fire Elementalist began the quest
                  | for the Orb.
     0 | D:1      | Reached XP level 1. HP: 13/13 MP: 3/3
   107 | D:1      | Found a faded altar of an unknown god.
   440 | D:1      | Gained mutation: You have large cloven feet. [demonic
                  | ancestry]
   440 | D:1      | Reached XP level 2. HP: 19/19 MP: 0/5
   574 | D:1      | Learned a level 2 spell: Scorch
  1370 | D:2      | Reached XP level 3. HP: 24/24 MP: 4/6
  1911 | D:2      | Found a runed translucent door.
  1912 | D:2      | Noticed Crazy Yiuf
  2204 | D:2      | Found a burning altar of Makhleb.
  2399 | D:2      | Killed Crazy Yiuf
  2400 | D:2      | Reached XP level 4. HP: 26/30 MP: 0/8
  3231 | D:3      | Gained mutation: You may rarely emit foul miasma when
                  | damaged in melee. [demonic ancestry]
  3231 | D:3      | Reached XP level 5. HP: 35/35 MP: 6/9
  3235 | D:3      | Learned a level 3 spell: Kindle Blastsparks
  3240 | D:3      | Learned a level 4 spell: Flame Wave
  3576 | D:4      | Found a radiant altar of Vehumet.
  3607 | D:4      | Noticed an ogre
  3615 | D:4      | Killed an ogre
  3716 | D:4      | Found a blossoming altar of Fedhas.
  3758 | D:4      | Found a shimmering altar of Xom.
  3907 | D:4      | Reached XP level 6. HP: 33/41 MP: 1/12
  4234 | D:4      | Found a staircase to the Ecumenical Temple.
  4323 | D:5      | Entered Level 5 of the Dungeon
  4580 | D:5      | Reached skill level 1 in Fighting
  4618 | D:5      | Gained mutation: You are partially covered in rugged brown
                  | scales. (AC +1, +3% HP) [demonic ancestry]
  4618 | D:5      | Reached XP level 7. HP: 20/49 MP: 1/13
  4934 | D:5      | Found a glowing drain.
  4945 | Sewer    | Entered a sewer
  5091 | Sewer    | Noticed Pargi
  5096 | Sewer    | Killed Pargi
  5313 | D:5      | Reached skill level 5 in Spellcasting
  5607 | D:5      | Reached skill level 5 in Fire Magic
  6148 | D:5      | Reached XP level 8. HP: 30/55 MP: 12/16
  6837 | D:6      | Reached skill level 5 in Conjurations
  6962 | D:6      | Found a hazy altar of Hepliaklqana.
  6965 | D:6      | Found an ancient bone altar of Kikubaaqudgha.
  6968 | D:6      | Found a broken altar of Ashenzari.
  6971 | D:6      | Found a hide-covered altar of Uskayaw.
  7113 | D:6      | Found a runed translucent door.
  7113 | D:6      | Noticed Dirtsage's ghost (novice DsFi)
  7670 | D:7      | Gained mutation: A weak demonic guardian rushes to your
                  | aid. [demonic ancestry]
  7670 | D:7      | Reached XP level 9. HP: 62/62 MP: 14/19
  8079 | D:7      | Reached skill level 1 in Armour
  8087 | D:7      | Noticed Pikel
  8093 | D:7      | Killed Pikel
  8159 | D:7      | Noticed Prince Ribbit
  8164 | D:7      | Killed Prince Ribbit
  8377 | D:8      | Noticed a tengu warrior
  8446 | D:8      | Killed a tengu warrior
  8546 | D:8      | Gained mutation: You sometimes emit foul miasma when
                  | damaged in melee. [demonic ancestry]
  8546 | D:8      | Reached XP level 10. HP: 41/70 MP: 13/22
  8731 | D:8      | Found a shadowy altar of Dithmenos.
  8946 | D:8      | Noticed a boulder beetle
  8976 | D:8      | Killed a boulder beetle
  9329 | D:8      | Found a burning altar of Makhleb.
  9521 | D:9      | Found Tiaruq's Magic Scroll Emporium.
 10008 | D:9      | Found a staircase to the Orcish Mines.
 10435 | D:9      | Upgraded the game from 0.30-a0-632-g346586fe48 to
                  | 0.30-a0-634-g8abc85282e
 10437 | D:9      | Learned a level 1 spell: Kiss of Death
 10442 | D:9      | Learned a level 4 spell: Dispel Undead
 10741 | D:4      | Became a worshipper of Vehumet
 10838 | D:6      | Killed Dirtsage's ghost
 10965 | D:10     | Entered Level 10 of the Dungeon
 11179 | D:10     | Gained mutation: You have hoof-like feet. [demonic
                  | ancestry]
 11179 | D:10     | Reached XP level 11. HP: 77/77 MP: 18/24
 11190 | D:10     | Reached skill level 1 in Maces & Flails
 11190 | D:10     | Noticed Fannar
 11197 | D:10     | Killed from afar by a gargoyle

Illustrated notes

Levels and vault maps discovered:
D:1:      dpeg_arrival_concentric_ovals, layout_basic,
          dreamdust_ecumenical_altar_angels_and_demons
D:2:      layout_loops_ring, basic_altar, uniq_crazy_yiuf_cottage
D:3:      layout_rooms, chequers_avenue, minmay_misc_feat_columns
D:4:      layout_cave_pools, mainiacjoe_overflow_cross_hatched,
          mainiacjoe_overflow_concentric_impassable, fiery_altar_vehumet,
          minmay_temple_entry_from_below_a
D:5:      layout_loops_corners, gup_sewer_entry_bubbles
D:6:      layout_cave_pools, grunt_temple_overflow_cloverleaf,
          hellmonk_ghost_happy_afterlife
D:7:      layout_rooms, uniq_prince_ribbit1, uniq_pikel
D:8:      layout_loops_ring, makhleb_grotto_becter,
          grunt_dithmenos_smoke_and_mirrors
D:9:      layout_roguey, minmay_orc_entry_temple_small, serial_bayou,
          serial_bayou_shore_a, serial_bayou_crossing, serial_bayou_lagoon_b,
          serial_bayou_pond_a, serial_bayou_lake_a, serial_shops,
          nicolae_shop_behind_doors, serial_bayou_pond_e
D:10:     lemuel_flame_loot_2, layout_stronghold, lemuel_crystal_altar,
          serial_shops, shop, gammafunk_ghost_ooze, uniq_fannar

Skill      XL: |  1  2  3  4  5  6  7  8  9 10 11 |
---------------+----------------------------------+-----
Fire Magic     | 3 4 5 6 7 9 |  9.0
Dodging        | 2 3 |  3.7
Spellcasting   | 3 4 5 6 8 9 |  9.8
Conjurations   | 2 3 4 5 6 7 |  7.4
Fighting       | 1 2 3 |  3.3
Armour         | 2 3 |  3.0
Maces & Flails | 1 |  1.0
Short Blades   | |  0.8
Stealth        | |  1.7

Action                   |  1- 3 |  4- 6 |  7- 9 | 10-12 || total
-------------------------+-------+-------+-------+-------++-------
Melee: Short sword       |     8 |     6 |     2 |       ||    16
       Kick              |     3 |     2 |       |    17 ||    22
       Whip              |       |       |       |    46 ||    46
 Cast: Foxfire           |    73 |   104 |   232 |    93 ||   502
       Scorch            |     8 |    10 |    25 |    15 ||    58
       Flame Wave        |       |       |     3 |    12 ||    15
  Use: Scroll            |       |     7 |     6 |     6 ||    19
       Potion            |       |     1 |       |     3 ||     4
Armor: Robe              |     8 |     2 |     8 |       ||    18
       Troll leather arm |       |       |    11 |    21 ||    32
Dodge: Dodged            |    20 |     9 |    62 |    54 ||   145

Table legend: (Time is in decaauts)
 A = Elapsed time spent in this place.
 B = Non-inter-level travel time spent in this place.
 C = Inter-level travel time spent in this place.
 D = Time resting spent in this place.
 E = Time spent auto-exploring this place.
 F = Levels seen in this place.
 G = Mean time per level.
                   A        B        C        D        E       F      G
               +--------+--------+--------+--------+--------+-----+--------+
         Total |  11353 |  10992 |    361 |    335 |   8550 |  11 | 1032.1 |
       Dungeon |  11059 |  10698 |    361 |    335 |   8310 |  10 | 1105.9 |
         Sewer |    294 |    294 |      0 |      0 |    240 |   1 |  294.0 |
               +--------+--------+--------+--------+--------+-----+--------+

Top non-repeatable levels by time:
     D:5: 1645 daAuts
     D:6: 1547 daAuts
     D:1: 1313 daAuts
     D:9: 1231 daAuts
     D:2: 1219 daAuts
     D:3: 1043 daAuts
     D:8: 1003 daAuts
     D:7: 967 daAuts
     D:4: 850 daAuts
   Sewer: 294 daAuts
    D:10: 238 daAuts
